 Dungeon Crawl Stone Soup version 0.23.2-33-g5129a83184 (webtiles) character file.

Game seed: 1593540335571241935

103 Destapler the Stinger (level 5, 0/37 HPs)
             Began as a Formicid Venom Mage on July 21, 2019.
             Slain by an orc
             ... wielding a +0 hand axe
              (7 damage)
             ... on level 3 of the Dungeon.
             The game lasted 00:32:27 (3912 turns).

Destapler the Stinger (Formicid Venom Mage)         Turns: 3912, Time: 00:32:28

Health: 0/37       AC:  2    Str: 13    XL:     5   Next: 6%
Magic:  5/9        EV: 12    Int: 15    God:
Gold:   119        SH:  0    Dex: 11    Spells: 5/9 levels left

rFire    . . .     SeeInvis +   b - +0 dagger
rCold    . . .     Gourm    .   (no shield)
rNeg     . . .     Faith    .   d - +0 robe
rPois    .         Spirit   .   (helmet unavailable)
rElec    .         Reflect  .   (no cloak)
rCorr    +         Harm     .   (no gloves)
MR       .....                  (no boots)
Stlth    ++........             i - amulet of magic regeneration
HPRegen  0.12/turn              p - ring of resist corrosion
MPRegen  0.36/turn              (no ring)

@: slow
A: permanent stasis, dig shafts and tunnels, four strong arms, antennae 3
a: Dig, Shaft Self


You were on level 3 of the Dungeon.
You were not hungry.

You visited 1 branch of the dungeon, and saw 3 of its levels.

You collected 119 gold pieces.

Inventory:

Hand Weapons
 a - a +0 hunting sling
 b - a +0 dagger (weapon)
Missiles
 t - 26 stones (quivered)
Armour
 d - a +0 robe (worn)
 q - a +0 leather armour
Jewellery
 i - an amulet of magic regeneration (around neck)
 p - a ring of resist corrosion (left hand)
Scrolls
 k - 3 scrolls of identify {unknown}
 l - 3 scrolls of teleportation {unknown}
 m - a scroll of enchant armour {unknown}
 o - a scroll of magic mapping {unknown}
Potions
 e - a potion of cancellation {unknown}
 f - a potion of resistance {unknown}
 g - 3 potions of experience {unknown}
 h - a potion of mutation {unknown}
 j - 4 potions of ambrosia {unknown}
 r - a potion of brilliance {unknown}
 s - a potion of might {unknown}
Comestibles
 c - a ration


   Skills:
 + Level 1.6 Fighting
 + Level 0.3 Short Blades
 + Level 0.1 Slings
 + Level 2.3 Dodging
 + Level 3.1 Stealth
 + Level 2.7 Spellcasting
 + Level 1.5 Conjurations
 * Level 0.5 Air Magic
 + Level 4.6 Poison Magic


You had 5 spell levels left.
You knew the following spells:

 Your Spells              Type           Power        Failure   Level  Hunger
a - Sting                 Conj/Pois      ##..         6%          1    #......
b - Mephitic Cloud        Conj/Pois/Air  #.......     24%         3    ###....

Your spell library contained the following spells:

 Spells                   Type           Power        Failure   Level  Hunger
 Poisonous Vapours        Pois/Air       #.....       11%         2    ##.....
 Olgreb's Toxic Radiance  Pois           ###.....     30%         4    #####..
 Venom Bolt               Conj/Pois      ##........   85%         5    ######.


Dungeon Overview and Level Annotations

Branches:
Dungeon (3/15)

Altars:
Cheibriados


Innate Abilities, Weirdness & Mutations

You cannot be hasted, slowed, berserked, paralysed or teleported.
You can dig through walls and to a lower floor.
Your four strong arms can wield two-handed weapons with a shield.
You have a pair of large antennae on your head. (SInv)


Message History

The sting hits the orc.
The orc is poisoned.
The orc is lightly wounded.
The orc hits you with a +0 flail. The orc hits you with a +0 hand axe.
You hit the orc.
The orc is heavily wounded.
The orc hits you with a +0 flail!
* * * LOW HITPOINT WARNING * * *
The orc hits you but does no damage.
You barely miss the orc.
The orc is severely wounded.
The orc hits you with a +0 flail.
* * * LOW HITPOINT WARNING * * *
The orc misses you.
Casting: Sting (safe; 6% risk of failure)
Confirm with . or Enter, or press ? or * to list all spells.
Aiming: Sting (safe; 6% risk of failure)
Press: ? - help, Shift-Dir - straight line, f/p - orc
Aim: an orc, wielding a +0 flail (heavily wounded, poisoned)
The sting misses the orc.
The orc hits you with a +0 hand axe!
You die...

.... .....## { ..
#.####........{ ..
.............# .#
#.#.####.#.#.# ####'####
....# #.#.#.# #.......#
#.######.#.#.###........
#.......................
#..#.........##oo.#'###
...........#.##)@.#
#..###.#.######...#####.#
#..# #.#.#...............
#..# #.#.#.######.#####.#
#... ..... #.#.# ##.#
#.#.######.#.# ....
.............# ##.#
#.#.######.#.# ....
....##


You could see 2 orcs.

Vanquished Creatures
  4 adders
  A worm (D:1)
  A dart slug (D:2)
  2 leopard geckos
  2 orcs (D:3)
  7 bats
  3 giant cockroaches (D:1)
  7 goblins
  8 hobgoblins (D:1)
  2 quokkas (D:2)
  4 frilled lizards
  7 kobolds
  7 rats
55 creatures vanquished.

Vanquished Creatures (others)
  A rat (D:2)
  5 toadstools (D:1)
6 creatures vanquished.

Grand Total: 61 creatures vanquished

Notes
Turn   | Place    | Note
-------+----------+-------------------------------------------
     0 | D:1      | Destapler the Formicid Venom Mage began the quest for the
                  | Orb.
     0 | D:1      | Reached XP level 1. HP: 13/13 MP: 3/3
   139 | D:1      | Found a snail-covered altar of Cheibriados.
   145 | D:1      | Reached skill level 1 in Conjurations
   153 | D:1      | Became a worshipper of Cheibriados the Contemplative
   155 | D:1      | Fell from the grace of Cheibriados
   188 | D:1      | Reached XP level 2. HP: 20/20 MP: 1/5
   622 | D:1      | Reached skill level 1 in Fighting
   681 | D:1      | Reached XP level 3. HP: 26/26 MP: 6/6
  1669 | D:1      | Reached XP level 4. HP: 13/32 MP: 3/7
  1922 | D:2      | Learned a level 3 spell: Mephitic Cloud
  3363 | D:3      | Reached XP level 5. HP: 37/37 MP: 6/9
  3912 | D:3      | Slain by an orc

Skill      XL: |  1  2  3 |
---------------+----------+-----
Conjurations   | 1 |  1.5
Dodging        | 2 |  2.3
Fighting       | 1 |  1.6
Stealth        | 3 |  3.1
Short Blades   | |  0.3
Slings         | |  0.1
Spellcasting   | |  2.7
Air Magic      | |  0.5
Poison Magic   | |  4.6

Action                   |  1- 3 |  4- 6 || total
-------------------------+-------+-------++-------
Melee: Dagger            |    15 |    18 ||    33
 Cast: Sting             |    50 |    62 ||   112
Invok: Renounce Religion |     1 |       ||     1
  Eat: Chunk             |     3 |     6 ||     9
       Ration            |       |     1 ||     1
Armor: Robe              |     7 |     9 ||    16
Dodge: Dodged            |    23 |    39 ||    62
